 Dungeon Crawl Stone Soup version 0.29-a0-43-g62a80824bf (webtiles) character file.

Game seed: 2311278016862101629

121 HallandMoats the Skirmisher (level 5, -4/29 HPs)
             Began as a Gargoyle Fighter on Feb 2, 2022.
             Was a Follower of Hepliaklqana.
             Slain by a water moccasin skeleton (5 damage)
             ... on level 3 of the Dungeon.
             The game lasted 00:03:11 (1896 turns).

HallandMoats the Skirmisher (Gargoyle Fighter)      Turns: 1896, Time: 00:03:11

Health: -4/29      AC: 10    Str: 20    XL:     5   Next: 5%
Magic:  6/6        EV:  9    Int:  8    God:    Hepliaklqana [*.....]
Gold:   69         SH:  4    Dex: 11    Spells: 5/5 levels left

rFire   . . .      SeeInvis .   a - +0 trident
rCold   . . .      Faith    .   c - +0 buckler
rNeg    + . .      Spirit   .   b - +0 scale mail
rPois   ∞          Reflect  .   (no helmet)
rElec   +          Harm     .   (no cloak)
rCorr   .          Rampage  .   (no gloves)
Will    .....                   (no boots)
Stlth   ..........              (no amulet)
HPRegen 0.09/turn               (no ring)
MPRegen 0.10/turn               (no ring)

@: no status effects
A: reduced essence, sickness immunity, AC +4, negative energy resistance 1,
electricity resistance, torment resistance 1, petrification resistance
a: Renounce Religion, Recall Ancestor, Ancestor Identity


You were on level 3 of the Dungeon.
You worshipped Hepliaklqana.
Hepliaklqana was aware of your devotion.
You visited 1 branch of the dungeon, and saw 3 of its levels.

You collected 69 gold pieces.

Inventory:

Hand Weapons
 a - a +0 trident (weapon)
Armour
 b - a +0 scale mail (worn)
 c - a +0 buckler (worn)
Jewellery
 h - a +4 ring of evasion
 i - a ring of wizardry
Potions
 d - a potion of might
 e - a potion of mutation {unknown}
 f - a potion of flight {unknown}
 g - 2 potions of ambrosia {unknown}
 j - a potion of attraction {unknown}
 k - 2 potions of lignification {unknown}


   Skills:
 * Level 3.8 Fighting
 * Level 2.4 Polearms
 + Level 3.5 Armour
 + Level 0.9 Dodging
 + Level 3.6 Shields
 * Level 0.7 Spellcasting
 * Level 1.1 Conjurations
 * Level 1.1 Fire Magic
 * Level 1.7 Invocations


You had 5 spell levels left.
You didn't know any spells.
Your spell library contained the following spells:

 Spells                   Type           Power      Damage    Failure   Level
 Fireball                 Conj/Fire      1%         3d3       100%        5
 Starburst                Conj/Fire      1%         6d3       100%        6
 Ignition                 Fire           1%         3d3       100%        8


Dungeon Overview and Level Annotations

Branches:
Dungeon (3/15)

Altars:
Fedhas
Hepliaklqana


Innate Abilities, Weirdness & Mutations

Your life essence is reduced to manifest your ancestor. (-10% HP)
You are immune to sickness and miasma.
Your stone body is resilient. (AC +4)
You are immune to poison.
You resist negative energy. (rN+)
You are resistant to electric shocks. (rElec)
You are resistant to unholy torment.
You are immune to petrification.


Message History

The orc is severely wounded.
The orc hits you with a +0 falchion!
* * * LOW HITPOINT WARNING * * *
You hit the orc but do no damage.
The orc is severely wounded.
You block the orc's attack. x2
You puncture the orc!
You kill the orc!
You have reached level 5!
You closely miss the orc. The orc hits you but does no damage.
The orc completely misses you.
You puncture the orc!
You kill the orc!
The bat barely misses you. You block the bat's attack.
You puncture the bat!
You kill the bat!
You swing at nothing.
The orc hits you but does no damage.
You puncture the orc!
You kill the orc!
You barely miss the water moccasin skeleton.
The water moccasin skeleton is heavily damaged.
The water moccasin skeleton bites you.
* * * LOW HITPOINT WARNING * * *
You puncture the water moccasin skeleton!
The water moccasin skeleton is severely damaged.
The water moccasin skeleton barely misses you.
The water moccasin skeleton bites you but does no damage.
You hit the water moccasin skeleton.
The water moccasin skeleton is severely damaged.
The water moccasin skeleton barely misses you.
You hit the water moccasin skeleton but do no damage.
The water moccasin skeleton is severely damaged.
The water moccasin skeleton bites you but does no damage. x2
You closely miss the water moccasin skeleton.
The water moccasin skeleton is severely damaged.
The water moccasin skeleton bites you but does no damage.
You hit the water moccasin skeleton.
The water moccasin skeleton is almost destroyed.
The water moccasin skeleton bites you.
You die...

#.# .......... ..#
#.# #......... #.#
#.## .......... #.#
#..# ....(.... #.#
##.# ......... #.#
#.# ........# #.#
#.#
......#.#########.#
#.#
#.......)Z@.......#
#.#
##?#.##.#########.#
#.# #.# #.#######.#
..# #.........#
#### ###########


You could see a water moccasin skeleton.

Vanquished Creatures
  Terence (D:3)
  3 adders
  A dart slug (D:1)
  5 orcs (D:3)
  6 endoplasms
  2 giant cockroaches (D:1)
  4 goblins
  A hobgoblin (D:2)
  2 jackals (D:3)
  6 kobolds
  2 quokkas
  4 ball pythons
  11 bats
  3 frilled lizards
  8 rats
59 creatures vanquished.

Vanquished Creatures (collateral kills)
  An endoplasm (D:3)
1 creature vanquished.

Vanquished Creatures (others)
  An ancestor (D:3)
1 creature vanquished.

Grand Total: 61 creatures vanquished

Notes
Turn   | Place    | Note
-------+----------+-------------------------------------------
     0 | D:1      | HallandMoats the Gargoyle Fighter began the quest for the
                  | Orb.
     0 | D:1      | Reached XP level 1. HP: 14/14 MP: 1/1
    92 | D:1      | Reached XP level 2. HP: 18/19 MP: 2/2
   272 | D:1      | Reached skill level 1 in Invocations
   340 | D:1      | Reached XP level 3. HP: 20/23 MP: 3/3
   914 | D:2      | Found a blossoming altar of Fedhas.
  1098 | D:2      | Found a faded altar of an unknown god.
  1128 | D:2      | Prayed at the altar of an unknown god.
  1128 | D:2      | Became a worshipper of Hepliaklqana the Forgotten
  1128 | D:2      | Reached * piety under Hepliaklqana
  1186 | D:2      | Reached XP level 4. HP: 26/26 MP: 5/5
  1773 | D:3      | Noticed Terence
  1779 | D:3      | Killed Terence
  1780 | D:3      | Reached skill level 1 in Conjurations
  1780 | D:3      | Reached skill level 1 in Fire Magic
  1886 | D:3      | Reached XP level 5. HP: 2/29 MP: 6/6
  1891 | D:3      | HP: 1/29 [water moccasin skeleton (2)]
  1896 | D:3      | Slain by a water moccasin skeleton

Illustrated notes

Levels and vault maps discovered:
D:1:      ncdulo_lavacross, layout_rooms, minmay_hedge_maze
D:2:      layout_loops_ring, basic_altar, hellmonk_ecumenical_altar_blasted,
          kennysheep_cluttered_room
D:3:      layout_loops_ring, uniq_terence

Skill      XL: |  1  2  3  4 |
---------------+-------------+-----
Polearms       | 2 |  2.4
Invocations    | 1 |  1.7
Conjurations   | 1 |  1.1
Fire Magic     | 1 |  1.1
Fighting       | |  3.8
Armour         | |  3.5
Dodging        | |  0.9
Shields        | |  3.6
Spellcasting   | |  0.7

Action                   |  1- 3 |  4- 6 || total
-------------------------+-------+-------++-------
Melee: Trident           |   124 |    83 ||   207
Invok: Ancestor Identity |     1 |       ||     1
 Stab: Distracted        |       |     1 ||     1
Armor: Scale mail        |    49 |    47 ||    96
Dodge: Dodged            |    49 |    38 ||    87
Block: Buckler           |    18 |    25 ||    43

Table legend: (Time is in decaauts)
 A = Elapsed time spent in this place.
 B = Non-inter-level travel time spent in this place.
 C = Inter-level travel time spent in this place.
 D = Time resting spent in this place.
 E = Time spent auto-exploring this place.
 F = Levels seen in this place.
 G = Mean time per level.
                   A        B        C        D        E       F      G
               +--------+--------+--------+--------+--------+-----+--------+
         Total |   1947 |   1896 |     51 |      0 |   1487 |   3 |  649.0 |
       Dungeon |   1947 |   1896 |     51 |      0 |   1487 |   3 |  649.0 |
               +--------+--------+--------+--------+--------+-----+--------+

Top non-repeatable levels by time:
     D:1: 858 daAuts
     D:2: 810 daAuts
     D:3: 278 daAuts
